[Event "World Senior chT-50 2019"]
[Site "Rhodes"]
[Date "2019.04.20"]
[Round "5.15"]
[White "Salonen, Jyrki"]
[Black "Arnason, Jon L"]
[Result "0-1"]
[ECO "B20"]
[WhiteElo "2162"]
[BlackElo "2423"]
[Annotator "NA"]
[PlyCount "54"]
[EventDate "2019.04.16"]
[EventType "team-tourn"]
[EventCountry "GRE"]
[SourceTitle "playchess.com"]
[Source "ChessBase"]
[SourceQuality "1"]
[WhiteTeam "Finland"]
[BlackTeam "Iceland"]
[WhiteTeamCountry "FIN"]
[BlackTeamCountry "ISL"]
[TimeControl "40/5400+30:1800+30"]

1. e4 c5 2. g3 Nc6 3. d3 g6 4. Bg2 Bg7 5. f4 d6 6. Nf3 e6 7. O-O Nge7 8. c3 O-O 9. Be3 b6 10. Bf2 a5 11. d4 Ba6 12. Re1 cxd4 13. cxd4 Nb4 14. Bf1 Qc8 $11 15. Nc3 Bxf1 16. Kxf1 Qa6+ 17. Kg2 Rfc8 18. Qe2 Nd3 19. Red1 Rxc3 20. Rd2 Rc1 21. Rxc1 Nxc1 22. Qxa6 Rxa6 23. b3 b5 24. Ne1 b4 25. Be3 a4 26. Rc2 axb3 27. Rxc1 bxa2 0-1

[Event "World Senior chT-50 2019"]
[Site "Rhodes"]
[Date "2019.04.20"]
[Round "5.16"]
[White "Thorhallsson, Throstur"]
[Black "Fieandt, John"]
[Result "1-0"]
[ECO "B07"]
[WhiteElo "2425"]
[BlackElo "2151"]
[Annotator "NA"]
[PlyCount "105"]
[EventDate "2019.04.16"]
[EventType "team-tourn"]
[EventCountry "GRE"]
[SourceTitle "playchess.com"]
[Source "ChessBase"]
[SourceQuality "1"]
[WhiteTeam "Iceland"]
[BlackTeam "Finland"]
[WhiteTeamCountry "ISL"]
[BlackTeamCountry "FIN"]
[TimeControl "40/5400+30:1800+30"]

1. e4 c5 2. c3 d6 3. d4 Nf6 4. Bd3 g6 5. Nf3 Bg7 6. O-O O-O 7. h3 Nc6 8. a3 cxd4 $11 9. cxd4 e5 10. dxe5 dxe5 11. Nc3 h6 12. Be3 Be6 13. Bb5 Qxd1 14. Raxd1 Nd7 15. Nd5 Bxd5 16. exd5 Ncb8 17. Rc1 a6 18. Ba4 b5 19. Bc2 f5 20. g3 g5 21. Bb3 a5 22. Rfd1 f4 23. gxf4 gxf4 24. Bc5 Nxc5 25. Rxc5 Nd7 26. Rc7 Rad8 27. d6+ Kh8 28. Nh4 Rf6 29. Bc2 Nf8 30. Nf5 Ne6 31. Re7 Bf8 32. Ra7 Nd4 33. Nxd4 exd4 34. Kh1 d3 35. Bxd3 Bg7 36. Rg1 Rfxd6 37. Rgxg7 Rxd3 38. Rh7+ Kg8 39. Rag7+ Kf8 40. Rb7 Kg8 41. Rxh6 Rb3 42. Rg6+ Kh8 43. Rh6+ Kg8 44. Rh4 Rd4 45. Rg4+ Kh8 46. Kg2 Rxb2 47. Rf7 b4 48. Rf5 f3+ 49. Rxf3 Rxg4+ 50. hxg4 b3 51. Rf8+ Kg7 52. Ra8 Ra2 53. Rxa5 1-0

[Event "World Senior chT-50 2019"]
[Site "Rhodes"]
[Date "2019.04.20"]
[Round "5.17"]
[White "Mahia, Gustavo"]
[Black "Wallner, Joachim"]
[Result "0-1"]
[ECO "D15"]
[WhiteElo "2367"]
[BlackElo "2271"]
[Annotator "NA"]
[PlyCount "88"]
[EventDate "2019.04.16"]
[EventType "team-tourn"]
[EventCountry "GRE"]
[SourceTitle "playchess.com"]
[Source "ChessBase"]
[SourceQuality "1"]
[WhiteTeam "Argentina"]
[BlackTeam "Austria"]
[WhiteTeamCountry "ARG"]
[BlackTeamCountry "AUT"]
[TimeControl "40/5400+30:1800+30"]

1. d4 d5 2. Nf3 Nf6 3. c4 c6 4. Nc3 a6 5. a4 e6 6. Bg5 h6 7. Bxf6 Qxf6 8. e3 Bb4 9. Qb3 a5 10. Be2 Nd7 11. O-O O-O 12. Rac1 dxc4 13. Bxc4 e5 14. Ne4 Qe7 15. Ng3 e4 16. Ne1 Nb6 17. Be2 Be6 18. Qc2 f5 19. b3 Nd5 20. Bc4 Rad8 21. Qe2 Bd6 22. Nc2 Qg5 23. f4 exf3 24. Qxf3 Bxg3 25. Qxg3 Qxg3 26. hxg3 Rde8 27. Rfe1 Bf7 28. g4 fxg4 29. e4 Nf4 30. Rcd1 h5 31. e5 Bd5 32. Ne3 g3 33. Rd2 g6 34. Rc1 Rd8 35. Nf1 h4 36. Ne3 Kh8 37. Bxd5 Nxd5 38. Re1 Nf4 39. Ng4 Ne6 40. Nf6 Nxd4 41. Re4 Nf5 42. Ree2 Kg7 43. Nd7 Rfe8 44. Nf6 Rxe5 0-1

[Event "World Senior chT-50 2019"]
[Site "Rhodes"]
[Date "2019.04.20"]
[Round "5.18"]
[White "Denk, Adolf"]
[Black "Garbarino, Rodolfo"]
[Result "1/2-1/2"]
[ECO "D35"]
[WhiteElo "2255"]
[BlackElo "2335"]
[Annotator "NA"]
[PlyCount "23"]
[EventDate "2019.04.16"]
[EventType "team-tourn"]
[EventCountry "GRE"]
[SourceTitle "playchess.com"]
[Source "ChessBase"]
[SourceQuality "1"]
[WhiteTeam "Austria"]
[BlackTeam "Argentina"]
[WhiteTeamCountry "AUT"]
[BlackTeamCountry "ARG"]
[TimeControl "40/5400+30:1800+30"]

1. c4 e6 2. Nc3 d5 3. cxd5 exd5 4. d4 c6 5. Nf3 Bd6 6. g3 Nf6 7. Bg2 O-O 8. O-O Re8 9. Bf4 Bxf4 10. gxf4 Qd6 11. e3 Bf5 12. Ne5 1/2-1/2

[Event "World Senior chT-50 2019"]
[Site "Rhodes"]
[Date "2019.04.20"]
[Round "5.19"]
[White "Grushka, Carlos"]
[Black "Druckenthaner, Andreas"]
[Result "1-0"]
[ECO "A87"]
[WhiteElo "2251"]
[BlackElo "2304"]
[Annotator "NA"]
[PlyCount "139"]
[EventDate "2019.04.16"]
[EventType "team-tourn"]
[EventCountry "GRE"]
[SourceTitle "playchess.com"]
[Source "ChessBase"]
[SourceQuality "1"]
[WhiteTeam "Argentina"]
[BlackTeam "Austria"]
[WhiteTeamCountry "ARG"]
[BlackTeamCountry "AUT"]
[TimeControl "40/5400+30:1800+30"]

1. Nf3 f5 2. g3 Nf6 3. Bg2 d6 4. d4 e6 5. O-O g6 6. c4 Bg7 7. Nc3 O-O 8. Qc2 Nc6 9. Rd1 Qe7 10. b3 Bd7 11. Bb2 Rae8 12. e4 fxe4 13. Nxe4 Nxe4 14. Qxe4 e5 15. dxe5 dxe5 16. Re1 Kh8 17. Qe3 e4 18. Bxg7+ Qxg7 19. Ng5 Nd4 20. Rad1 Nc2 21. Rxd7 Qxd7 22. Qc3+ Nd4 23. Rd1 c5 24. Nxe4 Qg7 25. Kf1 b6 26. b4 Rf5 27. bxc5 bxc5 28. Nxc5 Rxc5 29. Rxd4 Rce5 30. Bf3 Rc5 31. Qd2 Rce5 32. Kg2 h5 33. h4 Kh7 34. Rd6 Rf8 35. Rd7 Re7 36. Rxe7 Qxe7 37. Qd4 Rc8 38. Bd5 Rc7 39. Kh3 Qd7+ 40. Kg2 Qe7 41. Qf4 Rc8 42. Be4 Kg7 43. Bd5 a5 44. a4 Rf8 45. Qd4+ Qf6 46. Qe3 Qf5 47. Qd4+ Qf6 48. Qa7+ Kh6 49. Qe3+ Kg7 50. c5 Rc8 51. Bf3 Rc7 52. Qc1 Qe5 53. c6 Re7 54. Qc4 Rc7 55. Qb5 Re7 56. Bd5 Qc3 57. Qb8 Qc5 58. Qd8 Ra7 59. Qg8+ Kf6 60. Qe6+ Kg7 61. Be4 Rf7 62. Qxg6+ Kf8 63. Bf3 Ke7 64. Qxh5 Qc3 65. Qd5 Kf8 66. h5 Kg7 67. g4 Re7 68. Qd6 Qb4 69. h6+ Kh7 70. Qf6 1-0

[Event "World Senior chT-50 2019"]
[Site "Rhodes"]
[Date "2019.04.20"]
[Round "5.20"]
[White "Ernst, Michael"]
[Black "Perez Wertheim, Rodolfo"]
[Result "1-0"]
[ECO "A80"]
[WhiteElo "2184"]
[BlackElo "1914"]
[Annotator "NA"]
[PlyCount "81"]
[EventDate "2019.04.16"]
[EventType "team-tourn"]
[EventCountry "GRE"]
[SourceTitle "playchess.com"]
[Source "ChessBase"]
[SourceQuality "1"]
[WhiteTeam "Austria"]
[BlackTeam "Argentina"]
[WhiteTeamCountry "AUT"]
[BlackTeamCountry "ARG"]
[TimeControl "40/5400+30:1800+30"]

1. d4 e6 2. Bf4 f5 3. e3 Nf6 4. Nf3 b6 5. Be2 Bb7 6. O-O Be7 7. h3 O-O 8. Bh2 Ne4 9. Nbd2 d6 10. c3 Nd7 11. Qb3 d5 12. Rfd1 c5 13. a4 c4 14. Qc2 Rc8 15. Ne5 Bd6 16. f3 Nef6 17. Rdc1 Qc7 18. f4 Ne4 19. Nxe4 fxe4 20. b3 Ba6 21. b4 b5 22. Qa2 Ra8 23. Bg3 Bxe5 24. fxe5 Nb6 25. Bg4 Qe7 26. axb5 Bxb5 27. Qa5 Bd7 28. Rc2 g6 29. h4 h5 30. Bh3 g5 31. hxg5 Qxg5 32. Bf4 Qg6 33. Rca2 Rfc8 34. Qa3 a6 35. Qa5 Rcb8 36. Qc5 Bc8 37. Qd6 Qe8 38. b5 axb5 39. Ra7 Na4 40. Re7 Qxe7 41. Qxe7 1-0

[Event "World Senior chT-50 2019"]
[Site "Rhodes"]
[Date "2019.04.20"]
[Round "5.21"]
[White "Burchardt, Brigitte"]
[Black "Soffer, Ram"]
[Result "0-1"]
[ECO "B48"]
[WhiteElo "2136"]
[BlackElo "2486"]
[Annotator "ChessBase"]
[PlyCount "72"]
[EventDate "2019.04.16"]
[EventType "team-tourn"]
[EventCountry "GRE"]
[SourceTitle "playchess.com"]
[Source "ChessBase"]
[SourceQuality "1"]
[WhiteTeam "Germany"]
[BlackTeam "Israel"]
[WhiteTeamCountry "GER"]
[BlackTeamCountry "ISR"]
[TimeControl "40/5400+30:1800+30"]

1. e4 c5 2. Nf3 Nc6 3. d4 cxd4 4. Nxd4 e6 5. Nc3 Qc7 6. Be3 a6 7. Qf3 Nf6 8. O-O-O Nxd4 9. Bxd4 e5 10. Qg3 d6 11. Be3 Be6 12. f3 b5 13. Kb1 Rc8 14. Qf2 Qb7 15. Qd2 Be7 16. g4 b4 17. Nd5 Bxd5 18. exd5 O-O 19. h4 Nd7 20. Bd3 Nc5 21. Bf5 Rc7 22. Bxc5 Rxc5 23. g5 Qb5 24. Bd3 Qa4 25. Qe2 Rfc8 26. Qe4 g6 27. f4 Ra5 28. Bc4 b3 29. cxb3 Qxa2+ 30. Kc2 Rac5 31. Kd3 Rxc4 32. bxc4 Qb3+ 33. Ke2 Rxc4 34. Qd3 Qb4 35. fxe5 Qxb2+ 36. Kf3 Rc3 0-1

[Event "World Senior chT-50 2019"]
[Site "Rhodes"]
[Date "2019.04.20"]
[Round "5.22"]
[White "Manor, Ilan"]
[Black "Wagner-Michel, Annett"]
[Result "1-0"]
[ECO "B23"]
[WhiteElo "2461"]
[BlackElo "2056"]
[Annotator "ChessBase"]
[PlyCount "57"]
[EventDate "2019.04.16"]
[EventType "team-tourn"]
[EventCountry "GRE"]
[SourceTitle "playchess.com"]
[Source "ChessBase"]
[SourceQuality "1"]
[WhiteTeam "Israel"]
[BlackTeam "Germany"]
[WhiteTeamCountry "ISR"]
[BlackTeamCountry "GER"]
[TimeControl "40/5400+30:1800+30"]

1. e4 c5 2. Nc3 Nc6 3. f4 g6 4. Nf3 Bg7 5. f5 e6 6. Bb5 Nge7 7. d3 O-O 8. Bg5 exf5 9. Qd2 a6 10. Ba4 Qa5 11. Bxc6 Nxc6 12. exf5 f6 13. Be3 d6 14. g4 Ne5 15. Nxe5 fxe5 16. O-O-O gxf5 17. gxf5 Bxf5 18. Rdg1 Rf7 19. Kb1 Rd8 20. Bh6 Rdd7 21. h4 Kh8 22. Qg5 Be6 23. Bxg7+ Rxg7 24. Qf6 Bg8 25. Rxg7 Rxg7 26. h5 h6 27. Qxh6+ Bh7 28. Qf6 Kg8 29. Rf1 1-0

[Event "World Senior chT-50 2019"]
[Site "Rhodes"]
[Date "2019.04.20"]
[Round "5.23"]
[White "Wolf, Sylvia"]
[Black "Kaspi, Alexander"]
[Result "0-1"]
[ECO "B51"]
[WhiteElo "2001"]
[BlackElo "2452"]
[Annotator "ChessBase"]
[PlyCount "58"]
[EventDate "2019.04.16"]
[EventType "team-tourn"]
[EventCountry "GRE"]
[SourceTitle "playchess.com"]
[Source "ChessBase"]
[SourceQuality "1"]
[WhiteTeam "Germany"]
[BlackTeam "Israel"]
[WhiteTeamCountry "GER"]
[BlackTeamCountry "ISR"]
[TimeControl "40/5400+30:1800+30"]

1. e4 c5 2. Nf3 d6 3. Bb5+ Nd7 4. O-O Ngf6 5. Re1 a6 6. Bd3 e5 7. a4 b6 8. c3 Be7 9. Bc2 O-O 10. d4 Bb7 11. d5 Ne8 12. c4 g6 13. Nc3 Ng7 14. Rf1 f5 15. Ne1 f4 16. f3 h5 17. g4 hxg4 18. fxg4 g5 19. Qd3 Kf7 20. Bd1 Rh8 21. Rf3 Rh6 22. h3 Qh8 23. Be2 Nf6 24. Ng2 Qh7 25. Bf1 Rh8 26. Ne1 Bc8 27. Bg2 a5 28. Nd1 Bxg4 29. hxg4 Rh1+ 0-1

[Event "World Senior chT-50 2019"]
[Site "Rhodes"]
[Date "2019.04.20"]
[Round "5.24"]
[White "Gruenfeld, Yehuda"]
[Black "Jeske, Kirsten"]
[Result "1-0"]
[ECO "B06"]
[WhiteElo "2428"]
[BlackElo "1951"]
[Annotator "NA"]
[PlyCount "51"]
[EventDate "2019.04.16"]
[EventType "team-tourn"]
[EventCountry "GRE"]
[SourceTitle "playchess.com"]
[Source "ChessBase"]
[SourceQuality "1"]
[WhiteTeam "Israel"]
[BlackTeam "Germany"]
[WhiteTeamCountry "ISR"]
[BlackTeamCountry "GER"]
[TimeControl "40/5400+30:1800+30"]

1. e4 g6 2. d4 Bg7 3. Nc3 d6 4. Be3 Nd7 5. Nf3 e5 6. Qd2 h5 7. O-O-O a6 8. Bc4 Nb6 9. Bb3 $18 exd4 10. Bxd4 Bh6 11. Be3 Bg4 12. e5 Bxf3 13. gxf3 Kf8 14. f4 Nc8 15. Qd5 Rh7 16. Qxb7 Nce7 17. exd6 cxd6 18. Rxd6 Qxd6 19. Qxa8+ Kg7 20. Ne4 Qc7 21. Bd4+ f6 22. Nc5 Bxf4+ 23. Kb1 Qb8 24. Ne6+ Kh6 25. Qf3 g5 26. h4 1-0

[Event "World Senior chT-50 2019"]
[Site "Rhodes"]
[Date "2019.04.20"]
[Round "5.25"]
[White "Frostick, Clive A"]
[Black "Lagerborg, Krister"]
[Result "1/2-1/2"]
[ECO "B51"]
[WhiteElo "2121"]
[BlackElo "2102"]
[Annotator "NA"]
[PlyCount "136"]
[EventDate "2019.04.16"]
[EventType "team-tourn"]
[EventCountry "GRE"]
[SourceTitle "playchess.com"]
[Source "ChessBase"]
[SourceQuality "1"]
[WhiteTeam "England"]
[BlackTeam "Sweden"]
[WhiteTeamCountry "ENG"]
[BlackTeamCountry "SWE"]
[TimeControl "40/5400+30:1800+30"]

1. e4 c5 2. Nf3 d6 3. Bb5+ Nd7 4. c3 Ngf6 5. Qe2 a6 6. Ba4 b5 7. Bc2 e5 8. d4 Be7 9. O-O O-O 10. Re1 Re8 11. Nbd2 Qc7 12. Nf1 Bf8 13. Ng3 g6 14. d5 c4 15. a4 Rb8 16. axb5 axb5 17. Bd2 Nc5 18. h3 Nfd7 19. Reb1 Nb6 20. Be3 Bd7 21. Nd2 Ra8 22. Qd1 Nba4 23. Ne2 f5 24. f3 f4 25. Bf2 Nd3 26. Bxd3 cxd3 27. Nc1 Nxb2 28. Qb3 Nc4 29. Qd1 Rxa1 30. Rxa1 Nb2 31. Qb3 Na4 32. Nxd3 Qxc3 33. Qxc3 Nxc3 34. Ra7 Bc8 35. Bh4 Ne2+ 36. Kf1 Nd4 37. Nb4 h6 38. Bf2 Re7 39. Rxe7 Bxe7 40. Bxd4 exd4 41. Ke2 Bd8 42. Nc6 Bf6 43. Kd3 g5 44. Nb3 h5 45. Nbxd4 Bxd4 46. Kxd4 Kf7 47. e5 dxe5+ 48. Kxe5 Ke8 49. Kd4 Bf5 50. Nb4 g4 51. hxg4 hxg4 52. Ke5 gxf3 53. gxf3 Bh3 54. Kxf4 Bg2 55. Ke3 Kd7 56. f4 Kd6 57. Kd4 Bh3 58. Nc2 Bf5 59. Ne3 Bg6 60. f5 Bf7 61. f6 Bg6 62. Ng2 Bh5 63. Nf4 Bf7 64. Ke4 b4 65. Kd4 b3 66. Kc3 Ke5 67. Kxb3 Kxf4 68. Kc4 Ke5 1/2-1/2

[Event "World Senior chT-50 2019"]
[Site "Rhodes"]
[Date "2019.04.20"]
[Round "5.26"]
[White "Gamback, Bjorn"]
[Black "Fraser-Mitchell, Jeremy N"]
[Result "1-0"]
[ECO "D32"]
[WhiteElo "2101"]
[BlackElo "2073"]
[Annotator "NA"]
[PlyCount "55"]
[EventDate "2019.04.16"]
[EventType "team-tourn"]
[EventCountry "GRE"]
[SourceTitle "playchess.com"]
[Source "ChessBase"]
[SourceQuality "1"]
[WhiteTeam "Sweden"]
[BlackTeam "England"]
[WhiteTeamCountry "SWE"]
[BlackTeamCountry "ENG"]
[TimeControl "40/5400+30:1800+30"]

1. d4 Nf6 2. Nf3 d5 3. c4 e6 4. Nc3 c5 5. cxd5 exd5 6. Bg5 Be7 7. dxc5 Be6 8. e3 O-O 9. Rc1 Nc6 10. a3 Rc8 11. Be2 h6 12. Bxf6 Bxf6 13. O-O Re8 14. Nb5 Be7 15. b4 a5 16. Nbd4 axb4 17. Nxc6 bxc6 18. axb4 Bf6 19. Nd4 Bd7 20. Bf3 Be5 21. b5 cxb5 22. Bxd5 Qc7 23. Qh5 Re7 24. c6 Be6 25. Bxe6 fxe6 26. Nxb5 Qb8 27. Rb1 Kh7 28. c7 1-0

[Event "World Senior chT-50 2019"]
[Site "Rhodes"]
[Date "2019.04.20"]
[Round "5.27"]
[White "Jackson, Sheila"]
[Black "Franzen, Thomas"]
[Result "1/2-1/2"]
[ECO "C01"]
[WhiteElo "2051"]
[BlackElo "2015"]
[Annotator "NA"]
[PlyCount "69"]
[EventDate "2019.04.16"]
[EventType "team-tourn"]
[EventCountry "GRE"]
[SourceTitle "playchess.com"]
[Source "ChessBase"]
[SourceQuality "1"]
[WhiteTeam "England"]
[BlackTeam "Sweden"]
[WhiteTeamCountry "ENG"]
[BlackTeamCountry "SWE"]
[TimeControl "40/5400+30:1800+30"]

1. e4 e6 2. d4 d5 3. exd5 exd5 4. Bd3 Bd6 5. Nf3 Nc6 6. c3 Nge7 7. Qc2 Bg4 8. Nbd2 Qd7 9. O-O Bf5 10. Re1 O-O 11. Nf1 Bxd3 12. Qxd3 Qf5 13. Qxf5 Nxf5 14. Bd2 Rfe8 15. g4 Rxe1 16. Rxe1 Nfe7 17. Ng3 Kf8 18. Kf1 Ng6 19. Nf5 Bf4 20. Be3 Nd8 21. h4 Bxe3 22. fxe3 Ne6 23. h5 Ne7 24. Nxe7 Kxe7 25. e4 dxe4 26. Rxe4 Kd6 27. c4 Rf8 28. d5 Nc5 29. Re3 a5 30. Nd4 g6 31. Nb5+ Kd7 32. Kg2 f5 33. hxg6 hxg6 34. gxf5 gxf5 35. Nd4 1/2-1/2

[Event "World Senior chT-50 2019"]
[Site "Rhodes"]
[Date "2019.04.20"]
[Round "5.28"]
[White "Johansson, Bjorn"]
[Black "Homer, Stephen J"]
[Result "0-1"]
[ECO "A25"]
[WhiteElo "1888"]
[BlackElo "2039"]
[Annotator "NA"]
[PlyCount "39"]
[EventDate "2019.04.16"]
[EventType "team-tourn"]
[EventCountry "GRE"]
[SourceTitle "playchess.com"]
[Source "ChessBase"]
[SourceQuality "1"]
[WhiteTeam "Sweden"]
[BlackTeam "England"]
[WhiteTeamCountry "SWE"]
[BlackTeamCountry "ENG"]
[TimeControl "40/5400+30:1800+30"]

1. c4 e5 2. g3 Nc6 3. Bg2 Bc5 4. e3 d6 5. a3 a5 6. Nc3 Nf6 7. Nge2 O-O 8. O-O Bb6 9. Rb1 Bf5 10. d3 Qd7 11. b4 axb4 12. axb4 Bh3 13. b5 Bxg2 14. Kxg2 Ne7 15. e4 Ne8 16. f4 f5 17. fxe5 dxe5 18. Bg5 Nf6 19. exf5 Nxf5 20. Bxf6 0-1

[Event "World Senior chT-50 2019"]
[Site "Rhodes"]
[Date "2019.04.20"]
[Round "5.29"]
[White "Strutinskaia, Galina"]
[Black "Priedite, Ingrida"]
[Result "1-0"]
[ECO "E44"]
[WhiteElo "2208"]
[BlackElo "2044"]
[Annotator "NA"]
[PlyCount "81"]
[EventDate "2019.04.16"]
[EventType "team-tourn"]
[EventCountry "GRE"]
[SourceTitle "playchess.com"]
[Source "ChessBase"]
[SourceQuality "1"]
[WhiteTeam "Russia"]
[BlackTeam "Latvia"]
[WhiteTeamCountry "RUS"]
[BlackTeamCountry "LAT"]
[TimeControl "40/5400+30:1800+30"]

1. d4 Nf6 2. c4 e6 3. Nc3 Bb4 4. e3 O-O 5. Nge2 b6 6. a3 Bxc3+ 7. Nxc3 Bb7 8. Bd3 d6 9. e4 e5 10. d5 a5 11. Bg5 Nbd7 12. O-O h6 13. Be3 Bc8 14. b4 axb4 15. axb4 Rxa1 16. Qxa1 Ne8 17. Qa8 Ndf6 18. f3 Nh5 19. g3 Nef6 20. Rc1 Bd7 21. Qxd8 Rxd8 22. Ra1 Ne8 23. Ra7 Rb8 24. Kf2 g5 25. Be2 Nhg7 26. f4 f6 27. Bd1 Kf7 28. h4 exf4 29. gxf4 gxf4 30. Bxf4 h5 31. Ke3 Ke7 32. Be2 Kd8 33. Ra1 Ke7 34. Kd4 c5+ 35. dxc6 Bxc6 36. Nd5+ Ke6 37. Bh6 f5 38. Bd3 fxe4 39. Bxe4 Nf5+ 40. Bxf5+ Kxf5 41. Ne7+ {[%emt 0:00:13] Ke4+ Kxe4 [%clk 01:13:53]} 1-0

[Event "World Senior chT-50 2019"]
[Site "Rhodes"]
[Date "2019.04.20"]
[Round "5.30"]
[White "Goldmane, Astra"]
[Black "Grabuzova, Tatiana"]
[Result "0-1"]
[ECO "C07"]
[WhiteElo "2020"]
[BlackElo "2323"]
[Annotator "NA"]
[PlyCount "114"]
[EventDate "2019.04.16"]
[EventType "team-tourn"]
[EventCountry "GRE"]
[SourceTitle "playchess.com"]
[Source "ChessBase"]
[SourceQuality "1"]
[WhiteTeam "Latvia"]
[BlackTeam "Russia"]
[WhiteTeamCountry "LAT"]
[BlackTeamCountry "RUS"]
[TimeControl "40/5400+30:1800+30"]

1. e4 e6 2. d4 d5 3. Nd2 a6 4. c3 c5 5. Ngf3 Nc6 6. exd5 exd5 7. dxc5 Bxc5 8. Nb3 Bb6 9. Bd3 Nf6 10. O-O O-O 11. Nbd4 Bg4 12. Qc2 Re8 13. Bf4 Bxf3 14. Nxf3 h6 15. Rae1 Rxe1 16. Rxe1 Bc7 17. Qd2 Bxf4 18. Qxf4 Qb6 19. Re2 Re8 20. Rxe8+ Nxe8 21. Qe3 Qxe3 22. fxe3 Nf6 23. Nd2 Ne5 24. Be2 Kf8 25. h3 Ke7 26. Bf3 Kd6 27. Kf1 Nd3 28. b3 b5 29. a3 Nc5 30. c4 bxc4 31. bxc4 Nce4 32. Nxe4+ dxe4 33. Be2 Nd7 34. Ke1 Kc5 35. Kd2 Ne5 36. Kc3 f5 37. g4 fxg4 38. hxg4 g6 39. Kb3 Nf3 40. Kc3 h5 41. gxh5 gxh5 42. Bd1 h4 43. Be2 a5 44. Bf1 a4 45. Kc2 Ng5 46. Kd2 h3 47. Kc3 h2 48. Bg2 Nf3 49. Bh1 Ne5 50. Bxe4 Nxc4 51. Kd3 Nxa3 52. Bh1 Nc4 53. e4 Kb4 54. Kc2 a3 55. Kb1 Kb3 56. e5 a2+ 57. Ka1 Ne3 0-1

[Event "World Senior chT-50 2019"]
[Site "Rhodes"]
[Date "2019.04.20"]
[Round "5.31"]
[White "Kozlovskaya, Valentina"]
[Black "Ungure, Liga"]
[Result "1/2-1/2"]
[ECO "E92"]
[WhiteElo "2161"]
[BlackElo "1930"]
[Annotator "NA"]
[PlyCount "122"]
[EventDate "2019.04.16"]
[EventType "team-tourn"]
[EventCountry "GRE"]
[SourceTitle "playchess.com"]
[Source "ChessBase"]
[SourceQuality "1"]
[WhiteTeam "Russia"]
[BlackTeam "Latvia"]
[WhiteTeamCountry "RUS"]
[BlackTeamCountry "LAT"]
[TimeControl "40/5400+30:1800+30"]

1. c4 Nf6 2. Nc3 g6 3. d4 Bg7 4. e4 d6 5. Be2 O-O 6. Be3 e5 7. d5 a5 8. h3 Na6 9. Nf3 Nc5 10. Nd2 Nfd7 11. O-O f5 12. exf5 gxf5 13. f4 Bh6 14. Qe1 Bxf4 15. Bxf4 exf4 16. Rxf4 Ne5 17. Qg3+ Kh8 18. Raf1 Rg8 19. Qe3 Qg5 20. R1f2 Bd7 21. Nf1 Rae8 22. Qd4 Rg7 23. Kh1 Ng6 24. R4f3 f4 25. Bd3 Ne5 26. Be2 Nxf3 27. Bxf3 Bxh3 28. Ne2 Bg4 29. Bxg4 Qxg4 30. Nxf4 Qf5 31. Nh3 Qe5 32. Qh4 Reg8 33. Kg1 Rg4 34. Qh6 Qg7 35. Qxg7+ R8xg7 36. b3 Nd3 37. Re2 Nf4 38. Nxf4 Rxf4 39. Re8+ Rg8 40. Re7 Rg7 41. Re8+ Rg8 42. Re7 Rfg4 43. Ne3 R4g7 44. Re4 Rf8 45. Nc2 Rgf7 46. Ne3 Rf4 47. Re7 R8f7 48. Re8+ Kg7 49. a3 Rd4 50. b4 Rd3 51. c5 Rxa3 52. cxd6 axb4 53. dxc7 Rxc7 54. d6 Rd7 55. Re4 Rxe3 56. Rxe3 Rxd6 57. Re7+ Kg6 58. Rxb7 Rd4 59. Kf2 h5 60. Rb5 Rc4 61. Kg3 Rd4 1/2-1/2

[Event "World Senior chT-50 2019"]
[Site "Rhodes"]
[Date "2019.04.20"]
[Round "5.32"]
[White "Harlinska, Sandra"]
[Black "Titorenko, Natalia I"]
[Result "0-1"]
[ECO "B30"]
[WhiteElo "1833"]
[BlackElo "2153"]
[Annotator "NA"]
[PlyCount "64"]
[EventDate "2019.04.16"]
[EventType "team-tourn"]
[EventCountry "GRE"]
[SourceTitle "playchess.com"]
[Source "ChessBase"]
[SourceQuality "1"]
[WhiteTeam "Latvia"]
[BlackTeam "Russia"]
[WhiteTeamCountry "LAT"]
[BlackTeamCountry "RUS"]
[TimeControl "40/5400+30:1800+30"]

1. e4 c5 2. Nf3 Nf6 3. Nc3 Nc6 4. Bb5 g6 5. e5 Ng4 6. Bxc6 dxc6 7. h3 Nh6 8. d3 Bg7 9. Ne4 b6 10. Qe2 Nf5 11. c3 Ba6 12. Kd2 Qd5 13. Kc2 O-O-O 14. Rd1 c4 15. dxc4 Bxc4 16. Rxd5 Bxe2 17. Rxd8+ Rxd8 18. Ned2 h5 19. Ng5 Nh4 20. g3 Ng2 21. Nxf7 Ne1+ 22. Kb3 Bd1+ 23. Kc4 Rd5 24. a4 Rc5+ 25. Kd4 Nc2+ 26. Ke4 Nxa1 27. b4 Rd5 28. c4 Bc2+ 29. Ke3 Rd3+ 30. Ke2 Nb3 31. Nxb3 Rxb3 32. Kd2 Bf5 0-1

[Event "World Senior chT-50 2019"]
[Site "Rhodes"]
[Date "2019.04.20"]
[Round "5.33"]
[White "Mitrandzas, Athanasios"]
[Black "Zimmermann, Rolf"]
[Result "1/2-1/2"]
[ECO "A37"]
[WhiteElo "2055"]
[BlackElo "2086"]
[Annotator "NA"]
[PlyCount "79"]
[EventDate "2019.04.16"]
[EventType "team-tourn"]
[EventCountry "GRE"]
[SourceTitle "playchess.com"]
[Source "ChessBase"]
[SourceQuality "1"]
[WhiteTeam "Greece"]
[BlackTeam "Germany"]
[WhiteTeamCountry "GRE"]
[BlackTeamCountry "GER"]
[TimeControl "40/5400+30:1800+30"]

1. c4 c5 2. g3 g6 3. Bg2 Bg7 4. Nc3 Nc6 5. Nf3 d6 6. O-O e5 7. a3 Nge7 8. Rb1 O-O 9. b4 Be6 10. bxc5 dxc5 11. Rxb7 Bxc4 12. Qa4 Be6 13. Ng5 Bd7 14. Nge4 Be8 15. Nxc5 Na5 16. Rd7 Qb6 17. Qe4 Qxc5 18. Rxe7 Qxe7 19. Qxa8 Bc6 20. Bxc6 Rxa8 21. Bxa8 Nb3 22. Bd5 Nxc1 23. Rxc1 Qxa3 24. Rb1 Bf8 25. Rb7 Be7 26. Kg2 Kg7 27. Bb3 a5 28. Bc4 Qc5 29. d3 Qc6+ 30. Bd5 Qxc3 31. Rxe7 Qc5 32. Rxf7+ Kh8 33. e4 a4 34. Rb7 a3 35. g4 h6 36. h3 Qa5 37. Ba2 Qa6 38. Rd7 Qb6 39. Bc4 g5 40. Rf7 1/2-1/2

[Event "World Senior chT-50 2019"]
[Site "Rhodes"]
[Date "2019.04.20"]
[Round "5.34"]
[White "Hoehn, Michael"]
[Black "Ilandzis, Spyridon"]
[Result "0-1"]
[ECO "A04"]
[WhiteElo "2040"]
[BlackElo "2021"]
[Annotator "NA"]
[PlyCount "122"]
[EventDate "2019.04.16"]
[EventType "team-tourn"]
[EventCountry "GRE"]
[SourceTitle "playchess.com"]
[Source "ChessBase"]
[SourceQuality "1"]
[WhiteTeam "Germany"]
[BlackTeam "Greece"]
[WhiteTeamCountry "GER"]
[BlackTeamCountry "GRE"]
[TimeControl "40/5400+30:1800+30"]

1. Nf3 c5 2. b3 d6 3. Bb2 e5 4. d3 g6 5. Nbd2 Bg7 6. g3 Ne7 7. Bg2 O-O 8. Qc1 Nbc6 9. e3 d5 10. O-O f5 11. e4 fxe4 12. dxe4 d4 13. Ne1 Bg4 14. f3 Be6 15. Nd3 b6 16. Rf2 Bh6 17. f4 Kg7 18. Qf1 Ng8 19. Bc1 Qc7 20. Nf3 exf4 21. Bxf4 Qe7 22. Nfe5 Na5 23. Bh3 g5 24. Bxe6 Qxe6 25. Bd2 Rxf2 26. Qxf2 Rf8 27. Qe2 Nc6 28. Ng4 Kh8 29. Nxh6 Qxh6 30. h4 Qg7 31. Bxg5 h6 32. Qh5 Ne5 33. Nf4 d3 34. Kg2 dxc2 35. Ne6 Qf7 36. Qxf7 Rxf7 37. Bf4 Nd3 38. Be3 Re7 39. Nf4 Rxe4 40. Nxd3 Rxe3 41. Ne1 Nf6 42. Rc1 Ne4 43. Nxc2 Rxg3+ 44. Kh2 Rc3 45. Kg2 Kg7 46. Kh2 Kh7 47. Kg2 Kg6 48. h5+ Kxh5 49. Rh1+ Kg4 50. Ne1 Rg3+ 51. Kf1 h5 52. Ng2 Nd2+ 53. Kf2 Ne4+ 54. Kf1 Nc3 55. Rh4+ Kg5 56. Rc4 Nd5 57. Re4 Kf6 58. Kf2 Rc3 59. Re2 Nb4 60. Ne3 Kg5 61. Ke1 Rxe3 0-1